 Dungeon Crawl Stone Soup version 0.28-a0-730-g892d06dc2c (webtiles) character file.

Game seed: 8013350742097449644

39 willcat the Sneak (level 3, -1/22 HPs)
             Began as a Deep Elf Delver on Oct 28, 2021.
             Slain by an adder (2 damage)
             ... on level 6 of the Dungeon.
             The game lasted 00:00:45 (511 turns).

willcat the Sneak (Deep Elf Delver)                  Turns: 511, Time: 00:00:46

Health: -1/22      AC:  3    Str:  9    XL:     3   Next: 26%
Magic:  5/5        EV: 12    Int: 15    God:
Gold:   56         SH:  0    Dex: 16    Spells: 2/2 levels left

rFire   . . .      SeeInvis .   a - +0 short sword
rCold   . . .      Faith    .   (no shield)
rNeg    . . .      Spirit   .   b - +0 leather armour
rPois   .          Reflect  .   (no helmet)
rElec   .          Harm     .   (no cloak)
rCorr   .          Rampage  .   (no gloves)
Will    .....                   (no boots)
Stlth   +++.......              (no amulet)
HPRegen 0.07/turn               (no ring)
MPRegen 0.09/turn               (no ring)

@: lethally poisoned (-1 -> -5)
A: no striking features
a: no special abilities


You were on level 6 of the Dungeon.
You visited 1 branch of the dungeon, and saw 2 of its levels.

You collected 56 gold pieces.

Inventory:

Hand Weapons
 a - a +0 short sword (weapon)
Armour
 b - a +0 leather armour (worn)
Wands
 g - a wand of digging (3)
 h - a wand of charming (10)
Scrolls
 c - a scroll of fog
 d - a scroll of magic mapping
 e - a scroll of fear
Potions
 f - a potion of haste


   Skills:
 - Level 2.4 Fighting
 + Level 2.7 Short Blades
 + Level 3.2 Dodging
 + Level 6.5 Stealth


You had 2 spell levels left.
You didn't know any spells.
Your spell library was empty.

Dungeon Overview and Level Annotations

Branches:
Dungeon (6/15)
 Temple: D:4-7

Altars:
Elyvilon
Hepliaklqana


Message History

The hound barks!
The adder hisses angrily.
Unknown command.
The adder bites you.
You are poisoned.
The adder poisons you!
You feel sick.
You feel sick.
You feel sick. The adder bites you but does no damage.
You feel sick.
You feel sick. The adder barely misses you.
You feel sick.
You are no longer poisoned.
The adder misses you.
There is a stone staircase leading down here.
The adder barely misses you.
You climb downwards.
There is a stone staircase leading up here.
You hit the adder.
The adder is heavily wounded.
The adder bites you. x2
You are poisoned.
The adder poisons you!
Unknown command.
You closely miss the adder.
The adder is heavily wounded.
You feel sick. The adder bites you.
You barely miss the adder.
The adder is heavily wounded.
You feel sick. The adder bites you but does no damage.
You closely miss the adder.
The adder is heavily wounded.
You feel sick. The adder bites you.
* * * LOW HITPOINT WARNING * * *
You are lethally poisoned!
The adder poisons you!
You closely miss the adder.
The adder is heavily wounded.
* * * LOW HITPOINT WARNING * * *
You feel sick. The adder bites you but does no damage. The adder bites you.
You die...

### #@#
#......S#
#.#######


You could see an adder.

Vanquished Creatures
  A hound (D:5)
  A white imp (D:5)
  An orc (D:5)
3 creatures vanquished.

Notes
Turn   | Place    | Note
-------+----------+-------------------------------------------
     0 | D:5      | willcat the Deep Elf Delver began the quest for the Orb.
     0 | D:5      | Reached XP level 1. HP: 13/13 MP: 3/3
    84 | D:5      | Noticed a hound
    87 | D:5      | Killed a hound
    88 | D:5      | Reached XP level 2. HP: 18/18 MP: 4/4
    88 | D:5      | Reached XP level 3. HP: 22/22 MP: 5/5
   392 | D:5      | Found a white marble altar of Elyvilon.
   441 | D:5      | Found a hazy altar of Hepliaklqana.
   491 | D:5      | Noticed a necrophage
   511 | D:6      | HP: 1/22 [poisoned by an adder]
   511 | D:6      | Slain by an adder

Illustrated notes

Levels and vault maps discovered:
D:5:      layout_loops_ring, elyvilon_altar_1,
          mainiacjoe_overflow_surrounded_room,
          minmay_temple_entry_statues_pillars, kennysheep_generic_room_8
D:6:      layout_basic, serial_shops, shop

Skill      XL: |  1 |
---------------+----+-----
Dodging        | 3 |  3.2
Fighting       | |  2.4
Short Blades   | |  2.7
Stealth        | |  6.5

Action                   || total
-------------------------++-------
Melee: Short sword       ||    22
Evoke: Wand              ||     1
  Use: Potion            ||     1
 Stab: Sleeping          ||     1
Armor: Leather armour    ||     5
Dodge: Dodged            ||    11

Table legend: (Time is in decaauts)
 A = Elapsed time spent in this place.
 B = Non-inter-level travel time spent in this place.
 C = Inter-level travel time spent in this place.
 D = Time resting spent in this place.
 E = Time spent auto-exploring this place.
 F = Levels seen in this place.
 G = Mean time per level.
                   A        B        C        D        E       F      G
               +--------+--------+--------+--------+--------+-----+--------+
         Total |    516 |    516 |      0 |     35 |    418 |   2 |  258.0 |
       Dungeon |    516 |    516 |      0 |     35 |    418 |   2 |  258.0 |
               +--------+--------+--------+--------+--------+-----+--------+

Top non-repeatable levels by time:
     D:5: 512 daAuts
     D:6: 4 daAuts
